[Event "29. Klatovy A 2023"]
[Site "Klatovy"]
[Date "2023.07.07"]
[Round "7.16"]
[White "Strnad, Jakub"]
[Black "Novotny, David"]
[Result "0-1"]
[ECO "B35"]
[WhiteElo "1957"]
[BlackElo "2034"]
[PlyCount "44"]
[EventDate "2023.07.01"]
[EventType "swiss"]
[EventRounds "9"]
[EventCountry "CZE"]
[TimeControl "120+30"]

1. e4 c5 2. Nf3 Nc6 3. d4 cxd4 4. Nxd4 g6 5. Nc3 Bg7 6. Be3 Nf6 7. Bc4 O-O 8. f3 Qb6 9. Bb3 Nxe4 10. Nd5 Qa5+ 11. c3 Nc5 12. Nxc6 dxc6 13. Nxe7+ Kh8 14. Nxc8 Re8 15. Kf2 Raxc8 16. Bxf7 Rxe3 17. Kxe3 Qb6 18. f4 Rf8 19. Kf3 Qxb2 20. Qc1 Qb5 21. Bb3 Qd3+ 22. Qe3 Rxf4+ 0-1

[Event "29. Klatovy A 2023"]
[Site "Klatovy"]
[Date "2023.07.07"]
[Round "7.17"]
[White "Folkova, Martina"]
[Black "Mik, Tomas"]
[Result "1/2-1/2"]
[ECO "B83"]
[WhiteElo "2049"]
[BlackElo "1940"]
[PlyCount "106"]
[EventDate "2023.07.01"]
[EventType "swiss"]
[EventRounds "9"]
[EventCountry "CZE"]
[TimeControl "120+30"]

1. e4 c5 2. Nf3 e6 3. d4 cxd4 4. Nxd4 Nf6 5. Nc3 d6 6. Be2 Be7 7. O-O O-O 8. f4 Nc6 9. Be3 e5 10. Nxc6 bxc6 11. fxe5 dxe5 12. Qe1 Qc7 13. Qg3 Kh8 14. Kh1 Be6 15. Bd3 Rab8 16. b3 Rfd8 17. h3 Qa5 18. Na4 Nd7 19. Qf2 c5 20. Nb2 Qc7 21. Bc4 Bxc4 22. Nxc4 f6 23. Qe2 Qc6 24. Nd2 Nf8 25. Rad1 Ne6 26. c3 Rb7 27. Qg4 Rbd7 28. Nc4 Rd3 29. Rxd3 Rxd3 30. Rd1 Rxc3 31. Rd5 h6 32. Qd1 Nd4 33. Kh2 Kh7 34. Bd2 Rd3 35. Qf1 Nf3+ 36. gxf3 Rxd5 37. exd5 Qxd5 38. Qe2 Qd7 39. Qe4+ Kh8 40. Kg2 Bd8 41. Be3 Bb6 42. Qa8+ Kh7 43. a4 Qd1 44. Qe4+ Kh8 45. a5 Bd8 46. Qa8 Kh7 47. Qb8 Qc2+ 48. Bd2 Bxa5 49. Qd6 Bb4 50. Qd5 Qxb3 51. Qe4+ Kh8 52. Qa8+ Kh7 53. Qe4+ Kh8 1/2-1/2

[Event "29. Klatovy A 2023"]
[Site "Klatovy"]
[Date "2023.07.07"]
[Round "7.18"]
[White "Martirosyan, David"]
[Black "Flajsman, Petr"]
[Result "1/2-1/2"]
[ECO "A40"]
[WhiteElo "1908"]
[BlackElo "1956"]
[PlyCount "47"]
[EventDate "2023.07.01"]
[EventType "swiss"]
[EventRounds "9"]
[EventCountry "CZE"]
[TimeControl "120+30"]

1. d4 b5 2. e4 Bb7 3. Nd2 a6 4. Ngf3 e6 5. Bd3 c5 6. c3 d6 7. O-O Nf6 8. Re1 Be7 9. a4 c4 10. Bc2 Qc7 11. Qe2 e5 12. Nf1 O-O 13. Ng3 g6 14. Bg5 Nbd7 15. Nh4 Rfe8 16. Qd2 Nf8 17. f4 Ne6 18. Nf3 Nd7 19. f5 Nxg5 20. Nxg5 Rac8 21. Rf1 Bf6 22. Rf3 Qb6 23. a5 Qa7 24. Rd1 1/2-1/2

[Event "29. Klatovy A 2023"]
[Site "Klatovy"]
[Date "2023.07.08"]
[Round "8.1"]
[White "Straka, Vojtech"]
[Black "Horak, Martin"]
[Result "1/2-1/2"]
[ECO "E00"]
[WhiteElo "2433"]
[BlackElo "2266"]
[PlyCount "57"]
[EventDate "2023.07.01"]
[EventType "swiss"]
[EventRounds "9"]
[EventCountry "CZE"]
[TimeControl "120+30"]

1. d4 Nf6 2. c4 e6 3. g3 Bb4+ 4. Nd2 c5 5. a3 Bxd2+ 6. Qxd2 cxd4 7. Nf3 b6 8. Qxd4 Bb7 9. Bg2 Nc6 10. Qc3 Rc8 11. b4 O-O 12. Bb2 d5 13. cxd5 Na5 14. Qd3 Nc4 15. Bd4 Bxd5 16. O-O Re8 17. Rfd1 e5 18. Bc3 Qe7 19. Nxe5 Nxe5 20. Bxe5 Qxe5 21. Bxd5 Nxd5 22. Qxd5 Qxe2 23. Rd2 Qe5 24. Qxe5 Rxe5 25. Rd7 a5 26. Rad1 g6 27. R1d6 axb4 28. axb4 Rf5 29. Rd8+ 1/2-1/2

[Event "29. Klatovy A 2023"]
[Site "Klatovy"]
[Date "2023.07.08"]
[Round "8.2"]
[White "Neuman, Petr"]
[Black "Slovak, Kilian"]
[Result "1-0"]
[ECO "E62"]
[WhiteElo "2398"]
[BlackElo "2297"]
[PlyCount "39"]
[EventDate "2023.07.01"]
[EventType "swiss"]
[EventRounds "9"]
[EventCountry "CZE"]
[TimeControl "120+30"]

1. d4 Nf6 2. c4 g6 3. g3 Bg7 4. Bg2 d6 5. Nf3 O-O 6. Nc3 Nc6 7. O-O e5 8. dxe5 dxe5 9. Bg5 Be6 10. Qc1 Qc8 11. Bxf6 Bxf6 12. Nd5 Bxd5 13. cxd5 Nd4 14. Qc4 Qd7 15. Rac1 Rac8 16. Nd2 c6 17. Ne4 Bg7 18. Nc5 cxd5 19. Qxd4 Qb5 20. a4 1-0

[Event "29. Klatovy A 2023"]
[Site "Klatovy"]
[Date "2023.07.08"]
[Round "8.3"]
[White "Hurdzan, Tomas"]
[Black "Jun, Rudolf"]
[Result "1-0"]
[ECO "A20"]
[WhiteElo "2309"]
[BlackElo "2223"]
[PlyCount "87"]
[EventDate "2023.07.01"]
[EventType "swiss"]
[EventRounds "9"]
[EventCountry "CZE"]
[TimeControl "120+30"]

1. c4 e5 2. g3 Nf6 3. Bg2 d5 4. cxd5 Nxd5 5. Nf3 Nc6 6. O-O Be6 7. d4 exd4 8. Nxd4 Nxd4 9. Qxd4 c6 10. Nc3 Qf6 11. Qa4 Nb6 12. Qc2 Be7 13. b3 O-O 14. e4 Bc5 15. Bf4 Bd4 16. Rac1 Be5 17. Be3 Bd4 18. Bxd4 Qxd4 19. Ne2 Qb4 20. Nf4 Rad8 21. Rcd1 Bg4 22. Rd3 Rxd3 23. Nxd3 Qe7 24. Nc5 Rd8 25. Qc3 h6 26. Re1 f6 27. h3 Be6 28. e5 f5 29. Nxe6 Qxe6 30. Qa5 Qe7 31. e6 Nd5 32. Qxa7 Rd6 33. Bxd5 Rxd5 34. Qb8+ Kh7 35. a4 Kg6 36. Qf4 Kh7 37. h4 Kg8 38. h5 Kf8 39. Re5 Qf6 40. Rxd5 cxd5 41. Qb8+ Ke7 42. Qxb7+ Kxe6 43. Qc6+ Ke5 44. Qxf6+ 1-0

[Event "29. Klatovy A 2023"]
[Site "Klatovy"]
[Date "2023.07.08"]
[Round "8.4"]
[White "Soural, Jan"]
[Black "Jurek, Josef"]
[Result "1/2-1/2"]
[ECO "A30"]
[WhiteElo "2176"]
[BlackElo "2251"]
[PlyCount "48"]
[EventDate "2023.07.01"]
[EventType "swiss"]
[EventRounds "9"]
[EventCountry "CZE"]
[TimeControl "120+30"]

1. c4 Nf6 2. Nf3 c5 3. Nc3 b6 4. g3 Bb7 5. Bg2 g6 6. b3 Bg7 7. Bb2 O-O 8. O-O Na6 9. Rc1 e6 10. d4 d5 11. cxd5 Nxd5 12. Nxd5 Bxd5 13. Ba1 Qe7 14. dxc5 Bxa1 15. Rxa1 Nxc5 16. Rc1 Rfd8 17. Qc2 Qf6 18. h4 a5 19. Ng5 Bxg2 20. Kxg2 Qe5 21. Rfd1 h6 22. Nf3 Qf6 23. Rxd8+ Rxd8 24. Rd1 Kg7 1/2-1/2

[Event "29. Klatovy A 2023"]
[Site "Klatovy"]
[Date "2023.07.08"]
[Round "8.5"]
[White "Dvorak, Jan"]
[Black "Vorisek, Jaroslav"]
[Result "1/2-1/2"]
[ECO "A81"]
[WhiteElo "2176"]
[BlackElo "2260"]
[PlyCount "56"]
[EventDate "2023.07.01"]
[EventType "swiss"]
[EventRounds "9"]
[EventCountry "CZE"]
[TimeControl "120+30"]

1. d4 f5 2. Nf3 Nf6 3. g3 g6 4. Bg2 Bg7 5. O-O O-O 6. b3 c5 7. e3 Nc6 8. Bb2 Ne4 9. c4 d6 10. Nc3 e6 11. Qe2 cxd4 12. exd4 d5 13. Rfd1 b6 14. Nxe4 fxe4 15. Ne5 Bb7 16. f3 Nxe5 17. dxe5 Qe7 18. fxe4 dxc4 19. Qxc4 Rac8 20. Qe2 Rfd8 21. Rxd8+ Rxd8 22. Qe3 Qd7 23. Bh3 Bf8 24. Qe2 Bc5+ 25. Kh1 Qc6 26. Bg2 Rf8 27. Rf1 Rxf1+ 28. Qxf1 Qxe4 1/2-1/2

[Event "29. Klatovy A 2023"]
[Site "Klatovy"]
[Date "2023.07.08"]
[Round "8.6"]
[White "Flajsman, Pavel"]
[Black "Janous, Marek"]
[Result "1/2-1/2"]
[ECO "D36"]
[WhiteElo "2192"]
[BlackElo "2185"]
[PlyCount "146"]
[EventDate "2023.07.01"]
[EventType "swiss"]
[EventRounds "9"]
[EventCountry "CZE"]
[TimeControl "120+30"]

1. d4 Nf6 2. c4 e6 3. Nc3 d5 4. cxd5 exd5 5. Bg5 Be7 6. e3 c6 7. Bd3 Nbd7 8. Qc2 O-O 9. Nge2 Re8 10. h3 Nf8 11. g4 g6 12. O-O-O b5 13. Ng3 a5 14. Rdg1 b4 15. Na4 c5 16. Bxf6 Bxf6 17. Nxc5 Ne6 18. Nxe6 Bxe6 19. Qd2 Qb6 20. Kb1 Bd7 21. Rc1 Rac8 22. Ne2 Qd6 23. Rxc8 Rxc8 24. Ng1 Qe6 25. Nf3 Bb5 26. Rg1 Qe8 27. Rc1 Rxc1+ 28. Kxc1 Bxd3 29. Qxd3 Qc6+ 30. Kb1 a4 31. Nd2 Bd8 32. f4 Ba5 33. Nf3 Qb7 34. Kc2 Bc7 35. Nd2 Ba5 36. b3 a3 37. Nf3 Bc7 38. Kd2 Bd6 39. Qc2 Qd7 40. Ke2 h5 41. Nh2 Kg7 42. Kf3 hxg4+ 43. hxg4 Qe7 44. g5 f5 45. gxf6+ Qxf6 46. Ng4 Qh4 47. Qh2 Qe1 48. Qh6+ Kf7 49. Qh7+ Kf8 50. Qh8+ Ke7 51. Qg7+ Kd8 52. Qf6+ Kc7 53. Qf7+ Kd8 54. Qg8+ Kc7 55. Qf7+ Kd8 56. Nf2 Qb1 57. Qxd5 Kd7 58. Ne4 Qh1+ 59. Kg3 Qe1+ 60. Kg4 Qe2+ 61. Kh4 Qh2+ 62. Kg4 Qe2+ 63. Kh3 Qxe3+ 64. Kg2 Qe2+ 65. Kg3 Qe1+ 66. Kg4 Qd1+ 67. Kg3 Qg1+ 68. Kf3 Qh1+ 69. Ke2 Qg2+ 70. Ke3 Qg1+ 71. Kf3 Qh1+ 72. Ke3 Qe1+ 73. Kd3 Qf1+ 1/2-1/2

[Event "29. Klatovy A 2023"]
[Site "Klatovy"]
[Date "2023.07.08"]
[Round "8.8"]
[White "Pecka, Jan"]
[Black "Skypala, Ondrej"]
[Result "1/2-1/2"]
[ECO "E87"]
[WhiteElo "2054"]
[BlackElo "2163"]
[PlyCount "22"]
[EventDate "2023.07.01"]
[EventType "swiss"]
[EventRounds "9"]
[EventCountry "CZE"]
[TimeControl "120+30"]

1. d4 Nf6 2. c4 g6 3. Nc3 Bg7 4. e4 d6 5. f3 O-O 6. Be3 e5 7. d5 Nh5 8. Qd2 Qh4+ 9. Bf2 Qf4 10. Be3 Qh4+ 11. Bf2 Qf4 1/2-1/2

[Event "29. Klatovy A 2023"]
[Site "Klatovy"]
[Date "2023.07.08"]
[Round "8.9"]
[White "Jordanov, Mihail"]
[Black "Palek, Miroslav"]
[Result "1-0"]
[ECO "B33"]
[WhiteElo "2140"]
[BlackElo "2091"]
[PlyCount "57"]
[EventDate "2023.07.01"]
[EventType "swiss"]
[EventRounds "9"]
[EventCountry "CZE"]
[TimeControl "120+30"]

1. e4 c5 2. Nf3 Nc6 3. d4 cxd4 4. Nxd4 Qb6 5. Nb3 Nf6 6. Nc3 e6 7. Be3 Qc7 8. a3 Be7 9. f4 d6 10. Qf3 O-O 11. O-O-O a6 12. g4 b5 13. g5 Nd7 14. f5 Nde5 15. Qf4 Rd8 16. Nd4 Rb8 17. h4 b4 18. axb4 Rxb4 19. f6 Bf8 20. h5 Nxd4 21. Rxd4 a5 22. Nb5 Qc6 23. Rxb4 axb4 24. g6 Qd7 25. Bb6 gxf6 26. Qxf6 Re8 27. Nc7 Re7 28. Bb5 Nc6 29. g7 1-0

[Event "29. Klatovy A 2023"]
[Site "Klatovy"]
[Date "2023.07.08"]
[Round "8.10"]
[White "Novotny, David"]
[Black "Folk, Petr"]
[Result "1/2-1/2"]
[ECO "B80"]
[WhiteElo "2034"]
[BlackElo "2135"]
[PlyCount "67"]
[EventDate "2023.07.01"]
[EventType "swiss"]
[EventRounds "9"]
[EventCountry "CZE"]
[TimeControl "120+30"]

1. e4 c5 2. Nf3 Nc6 3. d4 cxd4 4. Nxd4 e6 5. Nc3 Qc7 6. g3 Nf6 7. Bg2 a6 8. Nb3 d6 9. O-O Be7 10. f4 O-O 11. g4 d5 12. exd5 Nb4 13. d6 Bxd6 14. g5 Nfd5 15. Qh5 Bxf4 16. Bxd5 Bxc1 17. Be4 g6 18. Qh4 Be3+ 19. Kh1 Qe7 20. Bxg6 fxg6 21. Ne4 Bd7 22. Na5 Rxf1+ 23. Rxf1 Rf8 24. Rxf8+ Kxf8 25. Nf6 Nd5 26. Qh6+ Qg7 27. Nxd7+ Kg8 28. Qxg7+ Kxg7 29. Nxb7 Bxg5 30. Nbc5 Nc7 31. b4 Bd2 32. a3 h5 33. c4 g5 34. Nb8 1/2-1/2

[Event "29. Klatovy A 2023"]
[Site "Klatovy"]
[Date "2023.07.08"]
[Round "8.11"]
[White "Kopta, Pavel"]
[Black "Hladky, Tadeas"]
[Result "1/2-1/2"]
[ECO "D15"]
[WhiteElo "2209"]
[BlackElo "2046"]
[PlyCount "53"]
[EventDate "2023.07.01"]
[EventType "swiss"]
[EventRounds "9"]
[EventCountry "CZE"]
[TimeControl "120+30"]

1. d4 d5 2. c4 c6 3. Nf3 Nf6 4. Nc3 a6 5. a4 e6 6. Bg5 Nbd7 7. cxd5 exd5 8. e3 a5 9. Bd3 Be7 10. Qc2 O-O 11. O-O Re8 12. Rae1 h6 13. Bf4 Nf8 14. Ne5 Be6 15. Bg3 Nh5 16. f4 Nxg3 17. hxg3 f6 18. Nf3 Bb4 19. f5 Bf7 20. g4 Nh7 21. Qf2 Qc7 22. Rc1 Re7 23. Rfe1 Rae8 24. g3 Nf8 25. Kg2 Nd7 26. Re2 Nb6 27. b3 1/2-1/2

[Event "29. Klatovy A 2023"]
[Site "Klatovy"]
[Date "2023.07.08"]
[Round "8.12"]
[White "Honcharov, Makar"]
[Black "Pirklova, Hana"]
[Result "1-0"]
[ECO "C54"]
[WhiteElo "1696"]
[BlackElo "2085"]
[PlyCount "77"]
[EventDate "2023.07.01"]
[EventType "swiss"]
[EventRounds "9"]
[EventCountry "CZE"]
[TimeControl "120+30"]

1. e4 e5 2. Nf3 Nc6 3. Bc4 Bc5 4. c3 Nf6 5. d4 exd4 6. e5 d5 7. Be2 Ne4 8. cxd4 Bb6 9. O-O O-O 10. Be3 Bg4 11. Nc3 Nxc3 12. bxc3 Ne7 13. a4 c6 14. h3 Bxf3 15. Bxf3 Nf5 16. Bf4 f6 17. Bg4 fxe5 18. Bxe5 Qg5 19. f4 Qh4 20. Qf3 Rae8 21. Kh2 Nh6 22. Bd7 Rd8 23. Be6+ Kh8 24. a5 Qe7 25. axb6 Qxe6 26. Rxa7 Nf7 27. Rxb7 Nxe5 28. dxe5 c5 29. Qg3 g6 30. Qh4 h5 31. Qg5 Kg8 32. Qh6 Rf7 33. Rxf7 Kxf7 34. Ra1 Qxb6 35. f5 Rg8 36. Rf1 Ke8 37. f6 Rf8 38. Qxg6+ Rf7 39. Qg8+ 1-0

[Event "29. Klatovy A 2023"]
[Site "Klatovy"]
[Date "2023.07.08"]
[Round "8.13"]
[White "Pycha, Patrik"]
[Black "Kishore, Kumar Jaganathan"]
[Result "1/2-1/2"]
[ECO "B26"]
[WhiteElo "2058"]
[BlackElo "1860"]
[PlyCount "125"]
[EventDate "2023.07.01"]
[EventType "swiss"]
[EventRounds "9"]
[EventCountry "CZE"]
[TimeControl "120+30"]

1. e4 c5 2. Nc3 d6 3. g3 g6 4. Bg2 Bg7 5. d3 Nc6 6. Be3 Rb8 7. Qd2 b5 8. Nge2 b4 9. Nd1 Nd4 10. O-O Qb6 11. Nc1 Nf6 12. c3 Ne6 13. Bh6 bxc3 14. bxc3 Bxh6 15. Qxh6 c4 16. dxc4 Ng4 17. Qd2 Ba6 18. Qe2 Ne5 19. Ne3 Nxc4 20. Nxc4 Qc5 21. Nb3 Bxc4 22. Nxc5 Bxe2 23. Rfe1 Nxc5 24. Rxe2 e5 25. Rd2 Ke7 26. Rad1 Rb6 27. f3 Rc8 28. Rc1 Na4 29. Rdc2 Rbc6 30. c4 Nc5 31. Kf1 Rb8 32. Bh3 Rcb6 33. Ke2 h5 34. Ke3 a5 35. Kd2 Rb4 36. Kc3 Ra4 37. Kd2 Ra3 38. Ke2 Nd3 39. Ra1 Rb2 40. Rxb2 Nxb2 41. Bc8 Nd3 42. h4 Nb4 43. Bb7 Nc2 44. Rb1 Nd4+ 45. Kf1 Rxf3+ 46. Kg2 Ra3 47. Rb2 Rc3 48. Rb6 Rc2+ 49. Kf1 Rxa2 50. Bd5 Ne6 51. Rb7+ Kf6 52. Rd7 a4 53. Rxd6 Ra3 54. Kf2 Rc3 55. Ra6 a3 56. c5 Rxc5 57. Bxe6 fxe6 58. Rxa3 Rc4 59. Kf3 g5 60. hxg5+ Kxg5 61. Rb3 Ra4 62. Rc3 Rb4 63. Ra3 1/2-1/2

[Event "29. Klatovy A 2023"]
[Site "Klatovy"]
[Date "2023.07.08"]
[Round "8.14"]
[White "Polak, Michal 2002"]
[Black "Folkova, Martina"]
[Result "1/2-1/2"]
[ECO "C68"]
[WhiteElo "1959"]
[BlackElo "2049"]
[PlyCount "76"]
[EventDate "2023.07.01"]
[EventType "swiss"]
[EventRounds "9"]
[EventCountry "CZE"]
[TimeControl "120+30"]

1. e4 e5 2. Nf3 Nc6 3. Bb5 a6 4. Bxc6 dxc6 5. d4 exd4 6. Qxd4 Qxd4 7. Nxd4 Bd7 8. Be3 O-O-O 9. Nc3 Bb4 10. Nde2 Nf6 11. f3 Rhe8 12. Kf2 h6 13. Rad1 Bf8 14. Rd2 b5 15. Rhd1 g5 16. Ng3 Be6 17. Nce2 c5 18. Nc1 c4 19. Rxd8+ Rxd8 20. Rxd8+ Kxd8 21. Bd4 Be7 22. Nce2 c5 23. Be5 b4 24. Nf5 Bxf5 25. exf5 Nd7 26. Bg7 h5 27. Ng3 h4 28. Ne4 f6 29. g4 hxg3+ 30. Kxg3 Ke8 31. f4 Kf7 32. Bh6 g4 33. Kxg4 Nb6 34. Bg5 fxg5 35. fxg5 Nd5 36. f6 Bf8 37. h4 Ke6 38. h5 Ne3+ 1/2-1/2

[Event "29. Klatovy A 2023"]
[Site "Klatovy"]
[Date "2023.07.08"]
[Round "8.15"]
[White "Filindash, Nikita"]
[Black "Zhang, Michelle 2013"]
[Result "1-0"]
[ECO "D14"]
[WhiteElo "2011"]
[BlackElo "1724"]
[PlyCount "71"]
[EventDate "2023.07.01"]
[EventType "swiss"]
[EventRounds "9"]
[EventCountry "CZE"]
[TimeControl "120+30"]

1. d4 d5 2. c4 c6 3. cxd5 cxd5 4. Bf4 Nc6 5. e3 Bf5 6. Nc3 e6 7. Bd3 Bxd3 8. Qxd3 Nf6 9. Nf3 Bd6 10. Bxd6 Qxd6 11. O-O O-O 12. Rac1 Rac8 13. Rfd1 Rfd8 14. a3 h6 15. b4 b6 16. Rc2 e5 17. dxe5 Nxe5 18. Nxe5 Qxe5 19. h3 Rc6 20. Ne4 Rxc2 21. Nxf6+ Qxf6 22. Qxc2 Qe5 23. Rd4 g6 24. Qd2 Rc8 25. Rxd5 Qa1+ 26. Kh2 Qxa3 27. Rd7 Qa1 28. Rxf7 Kxf7 29. Qd7+ Kf6 30. Qxc8 Qe5+ 31. f4 Qd6 32. Qh8+ Kf7 33. Qh7+ Kf6 34. Qxh6 Qxb4 35. Qh8+ Kf5 36. Qe5# 1-0

[Event "29. Klatovy A 2023"]
[Site "Klatovy"]
[Date "2023.07.08"]
[Round "8.16"]
[White "Vana, Jan 2010"]
[Black "Martirosyan, David"]
[Result "1/2-1/2"]
[ECO "B23"]
[WhiteElo "1890"]
[BlackElo "1908"]
[PlyCount "118"]
[EventDate "2023.07.01"]
[EventType "swiss"]
[EventRounds "9"]
[EventCountry "CZE"]
[TimeControl "120+30"]

1. e4 c5 2. Nc3 d6 3. d4 cxd4 4. Qxd4 Bd7 5. b3 Nc6 6. Qd2 Nf6 7. Bb2 a6 8. O-O-O b5 9. f3 h5 10. Nd5 e6 11. Nxf6+ gxf6 12. Kb1 b4 13. Ne2 Be7 14. f4 Qc7 15. Nd4 Nxd4 16. Bxd4 a5 17. e5 fxe5 18. fxe5 dxe5 19. Bxe5 Qxe5 20. Qxd7+ Kf8 21. Qd4 Qxd4 22. Rxd4 Ra7 23. Be2 Bf6 24. Rf4 Ke7 25. Rhf1 Rh6 26. Bxh5 e5 27. Rf5 Rd7 28. g4 Ke6 29. g5 Rxh5 30. Rxf6+ Ke7 31. Rxf7+ Kd8 32. Rxd7+ Kxd7 33. Rg1 Rxh2 34. g6 Rh8 35. g7 Rg8 36. c4 bxc3 37. Kc2 Ke6 38. Kxc3 Kf7 39. b4 axb4+ 40. Kxb4 Rb8+ 41. Kc5 Kg8 42. a4 e4 43. Re1 Re8 44. Kd4 Ra8 45. Ra1 Re8 46. Ra3 Kxg7 47. a5 Kf6 48. a6 Kf5 49. a7 Ra8 50. Ra6 e3 51. Kxe3 Ke5 52. Ra5+ Kd6 53. Kd4 Kc6 54. Kc4 Kb6 55. Rb5+ Kxa7 56. Kc5 Rc8+ 57. Kd6 Ka6 58. Rb1 Rc2 59. Rb3 Rc1 1/2-1/2

[Event "29. Klatovy A 2023"]
[Site "Klatovy"]
[Date "2023.07.08"]
[Round "8.17"]
[White "Mametev, Artem"]
[Black "Stary, Vojtech"]
[Result "1-0"]
[ECO "B06"]
[WhiteElo "1991"]
[BlackElo "1822"]
[PlyCount "45"]
[EventDate "2023.07.01"]
[EventType "swiss"]
[EventRounds "9"]
[EventCountry "CZE"]
[TimeControl "120+30"]

1. e4 g6 2. d4 Nf6 3. e5 Nh5 4. Be2 Ng7 5. Nf3 d5 6. O-O Bg4 7. c4 c6 8. cxd5 cxd5 9. Nc3 e6 10. Qb3 Qd7 11. Bg5 Bxf3 12. Bxf3 Nc6 13. Rfd1 Nf5 14. Bxd5 Na5 15. Ne4 Be7 16. Qc3 Qxd5 17. Bxe7 Qxe4 18. Bf6 O-O 19. Qxa5 Nxd4 20. Qd2 Ne2+ 21. Kh1 Nf4 22. f3 Qa4 23. b3 1-0

[Event "29. Klatovy A 2023"]
[Site "Klatovy"]
[Date "2023.07.08"]
[Round "8.18"]
[White "Flajsman, Petr"]
[Black "Andrle, Filip"]
[Result "1-0"]
[ECO "B26"]
[WhiteElo "1956"]
[BlackElo "1692"]
[PlyCount "83"]
[EventDate "2023.07.01"]
[EventType "swiss"]
[EventRounds "9"]
[EventCountry "CZE"]
[TimeControl "120+30"]

1. e4 c5 2. Nc3 Nc6 3. g3 g6 4. Bg2 Bg7 5. Nge2 e6 6. d3 d6 7. O-O Nge7 8. Be3 Rb8 9. d4 cxd4 10. Nxd4 a6 11. a4 O-O 12. Re1 Qc7 13. f4 Bd7 14. Nb3 b5 15. axb5 axb5 16. Bf1 Nb4 17. Ra7 Rb7 18. Rxb7 Qxb7 19. Qxd6 Nxc2 20. Nc5 Nc8 21. Qxf8+ Kxf8 22. Nxb7 Nxe1 23. Bc5+ Kg8 24. e5 Nf3+ 25. Kf2 Nd2 26. Bxb5 Bxb5 27. Nxb5 Ne4+ 28. Ke3 Nxc5 29. Nxc5 Kf8 30. Nc3 Ke8 31. N3e4 h6 32. Kd4 Kd8 33. Nb7+ Kd7 34. Nbd6 Nxd6 35. Nxd6 f6 36. Ne4 fxe5+ 37. fxe5 h5 38. Nc5+ Ke7 39. b4 Bh6 40. b5 Bd2 41. b6 Ba5 42. b7 1-0

[Event "29. Klatovy A 2023"]
[Site "Klatovy"]
[Date "2023.07.09"]
[Round "9.1"]
[White "Hurdzan, Tomas"]
[Black "Straka, Vojtech"]
[Result "1-0"]
[ECO "D33"]
[WhiteElo "2309"]
[BlackElo "2433"]
[PlyCount "113"]
[EventDate "2023.07.01"]
[EventType "swiss"]
[EventRounds "9"]
[EventCountry "CZE"]
[TimeControl "120+30"]

1. c4 c5 2. Nf3 Nf6 3. Nc3 e6 4. g3 d5 5. cxd5 exd5 6. d4 cxd4 7. Nxd4 Bc5 8. Bg2 Nc6 9. Nb3 Bb6 10. O-O d4 11. Na4 O-O 12. Bg5 h6 13. Bxf6 Qxf6 14. Nxb6 axb6 15. Bxc6 bxc6 16. Qxd4 Qd8 17. Rfd1 Be6 18. Qxd8 Rfxd8 19. Rxd8+ Rxd8 20. Kf1 Bxb3 21. axb3 Rd2 22. Rb1 Rd4 23. Rc1 c5 24. Ke1 Kf8 25. Rc4 Rd5 26. b4 Ke7 27. bxc5 bxc5 28. Rc3 Rh5 29. h4 Kd6 30. Rf3 Ke6 31. Kd2 g5 32. hxg5 hxg5 33. Kc3 Rh1 34. Kc4 Rb1 35. b3 Rc1+ 36. Rc3 Rf1 37. Kxc5 Rxf2 38. Re3+ Kd7 39. Kb6 f5 40. b4 f4 41. gxf4 Rxf4 42. b5 g4 43. Kb7 Kd6 44. b6 Kd5 45. Re7 Re4 46. Rg7 Ke6 47. Ka6 Kf6 48. Rg8 Kf7 49. b7 Re6+ 50. Kb5 Kxg8 51. b8=Q+ Kg7 52. Qf4 Rg6 53. Qg3 Kf6 54. Kc4 Kf5 55. Kd5 Rh6 56. e4+ Kg5 57. Qe3+ 1-0

[Event "29. Klatovy A 2023"]
[Site "Klatovy"]
[Date "2023.07.09"]
[Round "9.3"]
[White "Slovak, Kilian"]
[Black "Soural, Jan"]
[Result "1-0"]
[ECO "B38"]
[WhiteElo "2297"]
[BlackElo "2176"]
[PlyCount "69"]
[EventDate "2023.07.01"]
[EventType "swiss"]
[EventRounds "9"]
[EventCountry "CZE"]
[TimeControl "120+30"]

1. e4 c5 2. Nf3 Nc6 3. d4 cxd4 4. Nxd4 g6 5. c4 Bg7 6. Be3 Nf6 7. Nc3 d6 8. Be2 O-O 9. O-O Bd7 10. Qd2 Nxd4 11. Bxd4 Bc6 12. f3 a5 13. b3 Nd7 14. Be3 Nc5 15. Rab1 Qb6 16. Rfc1 Rfc8 17. Rc2 h5 18. Bf1 Kh7 19. Nd5 Qd8 20. Bg5 Bxd5 21. exd5 Rc7 22. Be3 Qh8 23. Qf2 Rcc8 24. a3 a4 25. b4 Nb3 26. Rd1 Rc7 27. Kh1 Rac8 28. Bb6 Na1 29. Ra2 Nb3 30. Bxc7 Rxc7 31. Bd3 b5 32. cxb5 Bd4 33. Qh4 Qc8 34. Re2 Nc1 35. Qxd4 1-0

[Event "29. Klatovy A 2023"]
[Site "Klatovy"]
[Date "2023.07.09"]
[Round "9.4"]
[White "Vorisek, Jaroslav"]
[Black "Jurek, Josef"]
[Result "1/2-1/2"]
[ECO "E01"]
[WhiteElo "2260"]
[BlackElo "2251"]
[PlyCount "27"]
[EventDate "2023.07.01"]
[EventType "swiss"]
[EventRounds "9"]
[EventCountry "CZE"]
[TimeControl "120+30"]

1. d4 Nf6 2. c4 e6 3. g3 c5 4. Nf3 cxd4 5. Nxd4 d5 6. Bg2 e5 7. Nb5 d4 8. O-O Nc6 9. e3 a6 10. N5a3 Bc5 11. exd4 exd4 12. Nd2 O-O 13. Ne4 Nxe4 14. Bxe4 1/2-1/2

[Event "29. Klatovy A 2023"]
[Site "Klatovy"]
[Date "2023.07.09"]
[Round "9.5"]
[White "Jun, Rudolf"]
[Black "Dvorak, Jan"]
[Result "1/2-1/2"]
[ECO "C01"]
[WhiteElo "2223"]
[BlackElo "2176"]
[PlyCount "36"]
[EventDate "2023.07.01"]
[EventType "swiss"]
[EventRounds "9"]
[EventCountry "CZE"]
[TimeControl "120+30"]

1. e4 e6 2. d4 d5 3. Nc3 Bb4 4. exd5 exd5 5. Bd3 Nc6 6. Nf3 Bg4 7. a3 Be7 8. h3 Bh5 9. g4 Bg6 10. Bf4 Nf6 11. Ne5 O-O 12. O-O Ne4 13. Nxe4 dxe4 14. Nxc6 bxc6 15. Bc4 Bd6 16. Bxd6 cxd6 17. f4 exf3 18. Rxf3 d5 1/2-1/2

[Event "29. Klatovy A 2023"]
[Site "Klatovy"]
[Date "2023.07.09"]
[Round "9.6"]
[White "Kupsa, Matej 2001"]
[Black "Flajsman, Pavel"]
[Result "1/2-1/2"]
[ECO "A36"]
[WhiteElo "2145"]
[BlackElo "2192"]
[PlyCount "137"]
[EventDate "2023.07.01"]
[EventType "swiss"]
[EventRounds "9"]
[EventCountry "CZE"]
[TimeControl "120+30"]

1. e4 c5 2. c4 Nc6 3. Nc3 g6 4. g3 Bg7 5. Bg2 d6 6. d3 a6 7. Nge2 Rb8 8. a4 e6 9. O-O Nge7 10. Bg5 h6 11. Be3 Nd4 12. Rb1 Nec6 13. b3 O-O 14. Qd2 Kh7 15. f4 f5 16. Bf2 Qa5 17. Rfd1 Bd7 18. Nxd4 Nxd4 19. Ne2 Nxe2+ 20. Qxe2 b5 21. axb5 axb5 22. e5 Qc7 23. d4 dxe5 24. dxe5 Rfc8 25. Ra1 Bf8 26. Qa2 Bc6 27. Bxc6 Qxc6 28. Qa6 bxc4 29. bxc4 Kg8 30. Qxc6 Rxc6 31. Ra5 Rc7 32. Rb5 Ra8 33. Kf1 Be7 34. Rdb1 Ra4 35. Rb7 Rxb7 36. Rxb7 Kf8 37. Ke2 Rxc4 38. Kd3 Ra4 39. Rc7 Ra2 40. Bxc5 Bxc5 41. Rxc5 Rxh2 42. Rc8+ Ke7 43. Rc7+ Ke8 44. Rg7 g5 45. fxg5 hxg5 46. Rxg5 Kf7 47. Ke3 Ra2 48. g4 Ra3+ 49. Kf4 Ra4+ 50. Kf3 Rxg4 51. Rxg4 fxg4+ 52. Kxg4 Kg6 53. Kf4 Kh5 54. Kf3 Kg5 55. Kg3 Kf5 56. Kf3 Kxe5 57. Ke3 Kd5 58. Kd3 e5 59. Ke3 e4 60. Ke2 Kd4 61. Kd2 Ke5 62. Ke3 Kf5 63. Ke2 Kf4 64. Kf2 e3+ 65. Ke2 Ke4 66. Ke1 Kd3 67. Kd1 e2+ 68. Ke1 Kc2 69. Kxe2 1/2-1/2

[Event "29. Klatovy A 2023"]
[Site "Klatovy"]
[Date "2023.07.09"]
[Round "9.7"]
[White "Janous, Marek"]
[Black "Jordanov, Mihail"]
[Result "1-0"]
[ECO "C56"]
[WhiteElo "2185"]
[BlackElo "2140"]
[PlyCount "95"]
[EventDate "2023.07.01"]
[EventType "swiss"]
[EventRounds "9"]
[EventCountry "CZE"]
[TimeControl "120+30"]

1. e4 e5 2. Nf3 Nc6 3. d4 exd4 4. Bc4 Nf6 5. O-O Nxe4 6. Re1 d5 7. Bxd5 Qxd5 8. Nc3 Qa5 9. Nxe4 Be6 10. Neg5 O-O-O 11. Nxe6 fxe6 12. Rxe6 Bd6 13. Bg5 Rde8 14. Qe1 Qxe1+ 15. Raxe1 Kd7 16. Rxe8 Rxe8 17. Rxe8 Kxe8 18. Kf1 Kf7 19. Bd2 h6 20. Ke2 Ke6 21. Kd3 Kd5 22. Nxd4 Nxd4 23. c4+ Ke5 24. f4+ Kf5 25. Kxd4 Bxf4 26. Bxf4 Kxf4 27. Kd5 Ke3 28. Ke6 Kf2 29. g4 Kf3 30. Kd7 c6 31. Kc7 Kxg4 32. Kxb7 Kh3 33. b4 Kxh2 34. b5 cxb5 35. c5 g5 36. c6 g4 37. c7 g3 38. c8=Q g2 39. Qh8 Kg3 40. Qxh6 g1=Q 41. Qg5+ Kh2 42. Qxg1+ Kxg1 43. Kxa7 Kf2 44. Kb6 b4 45. Kb5 Ke3 46. Kxb4 Kd4 47. a4 Kd5 48. Kb5 1-0